 Dungeon Crawl Stone Soup version 0.22.1-1-ga44c0e5 (webtiles) character file.

12105 Sharpo the Cleaver (level 11, -7/96 HPs)
             Began as a Troll Berserker on Oct 23, 2018.
             Was a High Priest of Trog.
             Mangled by Urug
             ... wielding a +5 eveningstar
              (48 damage)
             ... on level 10 of the Dungeon on Oct 24, 2018.
             The game lasted 02:01:04 (11699 turns).

Sharpo the Cleaver (Troll Berserker)               Turns: 11699, Time: 02:01:05

Health: -7/96      AC:  9    Str: 30    XL:     11   Next: 58%
Magic:  10/10      EV: 14    Int:  3    God:    Trog [*****.]
Gold:   647        SH:  0    Dex: 16    Spells: 10/10 levels left

rFire    + . .     SeeInvis .   W - +4 battleaxe (chop)
rCold    . . .     Gourm    +   (shield currently unavailable)
rNeg     . . .     Faith    .   X - +0 troll leather armour
rPois    .         Spirit   .   (helmet restricted)
rElec    .         Reflect  .   (no cloak)
rCorr    .         Harm     .   (gloves unavailable)
MR       .....                  (boots unavailable)
Stlth    ++........             (no amulet)
HPRegen  1.06/turn              n - +5 ring of dexterity
MPRegen  0.12/turn              D - ring of protection from fire

@: no status effects
A: large, unfitting armour, claws 3, molten scales 1, agile 1, fast metabolism
3, frail 1, gourmand, regeneration 1, shaggy fur 1, tough skin 2
a: Berserk, Trog's Hand, Brothers in Arms, Renounce Religion


You were on level 10 of the Dungeon.
You worshipped Trog.
Trog was extremely pleased with you.
You were completely stuffed.

You visited 3 branches of the dungeon, and saw 13 of its levels.

You collected 824 gold pieces.
You spent 177 gold pieces at shops.

Inventory:

Hand Weapons
 a - a +0 hand axe
 g - a +0 club
 j - a cursed -2 mace
 k - a +0 whip
 l - a +2 dagger of venom
 o - a +0 halberd
 p - a +0 falchion
 q - a +2 short sword of speed
 t - a +0 war axe
 v - a +0 scythe
 x - a +0 shortbow
 z - the +3 hand axe of the Lurker {drain, rPois MR+ Str-3 Int+3}
   (You found it on level 5 of the Dungeon)

   A truly terrible weapon, it drains the life of those it strikes.
   It affects your strength (-3).
   It affects your intelligence (+3).
   It protects you from poison.
   It affects your resistance to hostile enchantments.
 G - the +3 long sword of Honour {elec, Stlth+, unknown}
   (You found it on level 7 of the Dungeon)

   Occasionally, upon striking a foe, it will discharge some electrical energy
   and cause terrible harm.
   It makes you more stealthy.
 K - a +0 hunting sling of velocity
 L - a +1 quarterstaff of draining
 O - a -1 spear of venom
 P - a +0 hand axe of flaming
 Q - a +2 vampiric hand axe
 R - a +0 shortbow
 U - a +4 dagger of chaos
 W - a +4 battleaxe of chopping (weapon)
Missiles
 d - 236 stones (quivered)
 f - 187 sling bullets
 y - 158 arrows
Armour
 b - a +1 animal skin
 h - a +0 ring mail
 u - a scarf of resistance
 w - a +2 robe of the Archmagi
 X - a +0 troll leather armour (worn)
Jewellery
 n - a +5 ring of dexterity (left claw)
 D - a ring of protection from fire (right claw)
 E - an uncursed ring of protection from cold
 M - an uncursed ring of fire {unknown}
 S - an uncursed ring of fire {unknown}
 Z - an uncursed ring of ice
Wands
 s - a wand of flame (15)
 F - a wand of polymorph (12)
 J - a wand of enslavement (4)
 N - a wand of digging (16)
Scrolls
 e - 6 scrolls of identify
 i - 5 scrolls of remove curse
 m - 2 scrolls of blinking
 A - 6 scrolls of teleportation
 C - 3 scrolls of fog
 I - a scroll of fear
 Y - 3 scrolls of magic mapping {unknown}
Potions
 B - a potion of ambrosia
 H - 2 potions of agility
 T - a potion of might
 V - a potion of brilliance
Comestibles
 c - 22 rations


   Skills:
 + Level 6.7 Fighting
 + Level 9.9 Axes
 + Level 5.5 Throwing
 + Level 7.5 Dodging
 + Level 2.4 Stealth
 + Level 5.8 Unarmed Combat


You had 10 spell levels left.
You didn't know any spells.
Your spell library contained the following spells:

 Spells                   Type           Power        Failure   Level  Hunger
 Summon Small Mammal      Summ           #...         56%         1    ##.....
 Call Imp                 Summ           #.......     71%         2    ###....
 Call Canine Familiar     Summ           #.......     90%         3    ####...
 Summon Guardian Golem    Hex/Summ       #.......     90%         3    ####...
 Summon Ice Beast         Ice/Summ       #.......     100%        4    #####..
 Summon Lightning Spire   Summ/Air       #.......     100%        4    #####..


Dungeon Overview and Level Annotations

Branches:
Dungeon (11/15)            Temple (1/1) D:6            Lair (0/6) D:10
    Orc (1/2) D:10

Altars:
Ashenzari
Fedhas
Hepliaklqana
Kikubaaqudgha
Makhleb
Nemelex Xobeh
Okawaru
Qazlal
Ru
Trog
Uskayaw
Vehumet
Xom
Yredelemnul
Zin
The Shining One

Shops:
D:4 :   D:8 *

Portals:
Trove: D:10 (give 13 potions of heal wounds)

Annotations:
D:10 Urug


Innate Abilities, Weirdness & Mutations

You are too large for most types of armour.
You have claws for hands.
Your metabolism is lightning-fast.
You like to eat raw meat.
Your natural rate of healing is unusually fast.
You are covered in fur. (AC +1)
You have very tough skin. (AC +2)
You are partially covered in molten scales. (AC +2)
You are agile. (Dex +2)
You are frail. (-10% HP)


Message History

HP restored.
You climb downwards.
Welcome back to the Orcish Mines!
You feel a wave of frost pass over you.
There is an entrance to an ice cave on this level.
Hurry and find it before the Level annotation: Urug You hear the faint crackling of a distant melting archway.
Urug hits you with an enchanted eveningstar!!
The orc knight roars a battlecry!
Urug goes into a battle-frenzy!
Urug completely misses you.
There is a staircase back to the Dungeon, spattered with blood here.
You see here 3 javelins.
The orc knight hits you with a bardiche of flaming!!
The orc knight burns you!
You climb upwards.
Welcome back to the Dungeon!
There is a staircase to the Orcish Mines here.
You eat one of the 23 rations.
That ration really hit the spot!
Urug hits you with an enchanted eveningstar!!!
Ouch! That really hurt!
You die...

.....#....#...#...#..#########...
.....#....#.[.#####..# #...
.....#....##.........# #...
.....#.....#.........# #...
.....##'#########################
........#........................
......>.#..#................!....
.......[#[[#!..oo................
.8...[.[[)).....@.....[..........
.......)#.........##.....).......
........#.....[...............#[.
........#.....................#..
#######.#########################
###


You could see an orc knight and Urug.

Vanquished Creatures
  Fannar (D:10)
  A hydra (D:10)
  A two-headed ogre (D:11)
  A manticore (D:11)
  An ugly thing (D:11)
  A cyclops (D:11)
  Psyche (D:9)
  Joseph (D:8)
  3 trolls
  A hippogriff (D:9)
  2 dream sheep (D:10)
  Sigmund (D:5)
  A basilisk (D:11)
  2 yaks (D:10)
  2 wargs (D:10)
  Grum (D:9)
  Edmund (D:6)
  A soldier ant (D:11)
  2 water moccasins
  A swamp drake (D:10)
  6 orc warriors
  2 ice beasts
  3 sky beasts
  A necrophage (D:11)
  A black bear (D:6)
  2 eyes of draining
  6 ogres
  A phantom (D:10)
  5 centaurs
  2 wolves (D:9)
  4 big kobolds
  3 bullfrogs
  A gnoll sergeant (D:5)
  4 scorpions
  5 wights (D:6)
  A jelly (D:11)
  A howler monkey (D:7)
  A quasit (D:11)
  3 crimson imps
  6 hounds
  5 orc priests
  11 orc wizards
  3 bullfrog zombies
  2 bullfrog skeletons
  3 centaur skeletons
  6 iguanas
  8 worker ants
  3 worker ant zombies
  10 adders
  9 gnolls
  A howler monkey skeleton (D:9)
  2 shadow imps
  2 oozes
  2 adder skeletons
  2 worms
  3 dart slugs
  4 leopard geckos
  46 orcs
  4 giant cockroaches
  9 goblins
  14 hobgoblins
  3 jackals (D:8)
  15 kobolds
  2 quokkas
  2 ball pythons
  6 bats
  6 frilled lizards
  A leopard gecko skeleton (D:4)
  7 rats
  A withered plant (D:4)
276 creatures vanquished.

Notes
Turn   | Place    | Note
-------+----------+-------------------------------------------
     0 | D:1      | Sharpo the Troll Berserker began the quest for the Orb.
     0 | D:1      | Reached XP level 1. HP: 22/22 MP: 0/0
   502 | D:1      | Reached XP level 2. HP: 29/29 MP: 1/1
  1052 | D:2      | Reached XP level 3. HP: 28/37 MP: 2/2
  1095 | D:2      | Found a shimmering altar of Xom.
  1153 | D:2      | Reached skill level 3 in Axes
  1198 | D:2      | Reached ** piety under Trog
  1388 | D:2      | Found a sacrificial altar of Ru.
  1610 | D:2      | Reached XP level 4. HP: 45/45 MP: 3/3
  1971 | D:3      | Reached skill level 1 in Unarmed Combat
  1975 | D:3      | Found a shattered altar of Ashenzari.
  2364 | D:3      | Reached *** piety under Trog
  2707 | D:4      | Found an ancient bone altar of Kikubaaqudgha.
  2773 | D:4      | Reached XP level 5. HP: 48/53 MP: 4/4
  2936 | D:4      | Found a blossoming altar of Fedhas.
  2945 | D:4      | Found a radiant altar of Vehumet.
  3083 | D:4      | Found Nompoelo's Book Boutique.
  3221 | D:4      | Reached XP level 6. HP: 56/61 MP: 5/5
  3373 | D:4      | Found a stormy altar of Qazlal.
  3489 | D:5      | Entered Level 5 of the Dungeon
  3491 | D:5      | Noticed Sigmund
  3503 | D:5      | Killed Sigmund
  3503 | D:5      | Reached skill level 1 in Stealth
  3628 | D:5      | HP: 1/61 [centaur (5)]
  3631 | D:5      | Reached XP level 7. HP: 21/67 MP: 6/6
  3722 | D:5      | Reached skill level 5 in Unarmed Combat
  3813 | D:5      | Got a dazzling hand axe
  3814 | D:5      | Identified the +3 hand axe of the Lurker {drain, rPois MR+
                  | Str-3 Int+3} (You found it on level 5 of the Dungeon)
  3896 | D:5      | Found an iron altar of Okawaru.
  4115 | D:6      | Noticed Edmund
  4325 | D:6      | Reached skill level 1 in Throwing
  4331 | D:6      | Reached XP level 8. HP: 61/75 MP: 7/7
  4510 | D:6      | Reached skill level 4 in Axes
  4541 | D:6      | Reached skill level 5 in Dodging
  4915 | D:6      | Found a staircase to the Ecumenical Temple.
  4919 | Temple   | Entered the Ecumenical Temple
  5327 | D:7      | Found a flagged portal.
  5329 | D:7      | Reached **** piety under Trog
  5439 | D:7      | Found a hide-covered altar of Uskayaw.
  5439 | D:7      | Found a bloodstained altar of Trog.
  5596 | D:7      | Found a sacrificial altar of Ru.
  5603 | D:7      | Got a translucent long sword
  5881 | D:7      | Reached skill level 5 in Axes
  6185 | D:6      | Killed Edmund
  6295 | D:8      | Found Huefexug's Assorted Antiques.
  6300 | D:8      | Bought a blackened pearl ring for 150 gold pieces
  6300 | D:8      | Bought a black potion for 27 gold pieces
  6301 | D:8      | Gained mutation: You are frail. (-10% HP) [potion of
                  | mutation]
  6301 | D:8      | Gained mutation: You are partially covered in molten
                  | scales. (AC +2) [potion of mutation]
  6301 | D:8      | Gained mutation: You are agile. (Dex +2) [potion of
                  | mutation]
  6423 | D:8      | Reached XP level 9. HP: 76/76 MP: 8/8
  6584 | D:8      | Noticed Joseph
  6604 | D:8      | Killed Joseph
  6684 | D:8      | Reached skill level 6 in Axes
  6971 | D:8      | Noticed a troll
  6980 | D:8      | Killed a troll
  6980 | D:8      | Reached skill level 5 in Fighting
  6985 | D:8      | Found a glowing silver altar of Zin.
  7252 | D:9      | Noticed Grum
  7252 | D:9      | Noticed a troll
  7498 | D:9      | Reached skill level 7 in Axes
  7530 | D:9      | Killed Grum
  7834 | D:9      | Reached XP level 10. HP: 85/86 MP: 9/9
  7893 | D:9      | Found a burning altar of Makhleb.
  7897 | D:9      | Reached ***** piety under Trog
  8243 | D:9      | Noticed Psyche
  8252 | D:9      | Killed Psyche
  8388 | D:10     | Entered Level 10 of the Dungeon
  8537 | D:10     | Received a gift from Trog
  8560 | D:10     | Reached skill level 8 in Axes
  8563 | D:10     | Found a staircase to the Orcish Mines.
  9124 | D:10     | Noticed a two-headed hydra
  9128 | D:10     | Killed a five-headed hydra
  9133 | D:10     | Reached skill level 9 in Axes
  9275 | D:10     | Reached XP level 11. HP: 94/94 MP: 0/10
  9359 | D:10     | Found a staircase to the Lair.
  9403 | D:10     | Noticed Fannar
  9428 | D:10     | Killed Fannar
  9611 | D:10     | Found a sparkling altar of Nemelex Xobeh.
  9884 | D:10     | Found a portal to a secret trove of treasure.
 10514 | D:11     | Noticed a two-headed ogre
 10527 | D:11     | Killed a two-headed ogre
 10822 | D:11     | Reached skill level 5 in Throwing
 11303 | D:11     | Noticed a green ugly thing
 11312 | D:11     | Killed a green ugly thing
 11631 | Orc:1    | Entered Level 1 of the Orcish Mines
 11645 | Orc:1    | Noticed Urug
 11646 | Orc:1    | Noticed an orc knight
 11699 | D:10     | Mangled by Urug

Skill      XL: |  1  2  3  4  5  6  7  8  9 10 11 |
---------------+----------------------------------+-----
Fighting       | 3 4 5 6 |  6.7
Axes           | 3 5 7 9 |  9.9
Unarmed Combat | 1 3 4 5 |  5.8
Dodging        | 3 4 5 6 7 |  7.5
Stealth        | 1 2 |  2.4
Throwing       | 1 2 4 5 |  5.5

Action                   |  1- 3 |  4- 6 |  7- 9 | 10-12 || total
-------------------------+-------+-------+-------+-------++-------
Melee: Hand axe          |   105 |       |   314 |    81 ||   500
       Unarmed           |    50 |   164 |     8 |       ||   222
       Punch             |       |     4 |    11 |     6 ||    21
       Battleaxe         |       |       |       |   186 ||   186
Throw: Stone             |     7 |     5 |    55 |   242 ||   309
Invok: Berserk           |       |     2 |     3 |     3 ||     8
  Use: Scroll            |     6 |     5 |     7 |       ||    18
       Potion            |     4 |     4 |     5 |     1 ||    14
 Stab: Sleeping          |       |     2 |     1 |       ||     3
       Distracted        |       |       |     1 |       ||     1
  Eat: Chunk             |    18 |    13 |    45 |    42 ||   118
       Ration            |       |     1 |       |     1 ||     2
Armor: Animal skin       |    45 |    39 |       |       ||    84
       Robe              |       |     4 |    83 |    66 ||   153
       Troll leather arm |       |       |       |     3 ||     3
Dodge: Dodged            |    82 |    83 |   185 |   177 ||   527
